Map: Blackpink LE

Players

Maru - Winner!

  • Race: Terran Terran
  • Spawn Location: 7:00

ShoWTimE

  • Race: Protoss Protoss
  • Spawn Location: 1:00

Event: WESG 2017 Haikou

VOD

Have the link to the VOD?

Description

Time

  • Played on: March 16, 2018, 6:39 a.m.
  • Length: 5:26

All games in this series

Show
View Real Time Build Order
Export as new Build Order

Maru Terran - Winner!

Build Orders: Cyclone Opening 

Get SALT Encoding   

  12  0:00  SCV  
  13  0:12  SCV  
  14  0:18  Supply Depot  
  14  0:25  SCV  
  15  0:40  SCV  
  15  0:41  Barracks  
  16  0:47  Refinery  
  16  0:52  SCV  
  16  0:55  Refinery  
  17  1:04  SCV  
  18  1:16  SCV  
  19  1:28  Orbital Command, Reaper  
  20  1:35  Supply Depot  
  20  1:49  Factory  
  20  1:55  SCV  
  21  2:07  SCV  
  22  2:19  SCV  
  24  2:31  SCV  
  24  2:32  Cyclone  
  24  2:35  Starport  
  27  2:38  Supply Depot  
  27  2:43  SCV  
  28  2:55  SCV  
  29  3:04  Cyclone  
  32  3:12  Starport Tech Lab  
  32  3:13  Command Center  
  32  3:16  SCV  
  33  3:21  Supply Depot  
  35  3:34  Cloaking Field  
  35  3:35  Banshee  
  35  3:40  Cyclone  
  39  3:43  SCV  
  40  3:52  Barracks  
  40  4:08  SCV  
  41  4:12  Cyclone  
  44  4:20  Banshee  
  47  4:24  Orbital Command  
  47  4:25  SCV  
  48  4:40  Barracks  
  48  4:42  Barracks  
  48  4:44  Barracks Reactor  
  48  4:46  SCV  
  49  4:53  SCV  
  49  5:03  SCV  
  57  5:24  Supply Depot  
Show
View Real Time Build Order
Export as new Build Order

ShoWTimE Protoss 

Build Orders: Oracle Opening, Phoenix Opening 

Get SALT Encoding   

  12  0:00  Probe  
  13  0:13  Probe  
  14  0:18  Pylon  
  14  0:25  Probe (Chrono Boost)  
  15  0:37  Probe (Chrono Boost), Gateway  
  16  0:45  Probe (Chrono Boost)  
  16  0:46  Assimilator  
  17  0:51  Probe  
  18  1:03  Probe  
  19  1:15  Probe  
  20  1:26  Pylon  
  20  1:27  Probe  
  20  1:28  Cybernetics Core  
  20  1:30  Assimilator  
  21  1:35  Zealot  
  23  1:44  Probe  
  24  1:56  Probe  
  25  2:02  Adept (Chrono Boost)  
  25  2:08  Probe  
  27  2:17  Stargate  
  27  2:20  Probe  
  27  2:29  Warp Gate  
  27  2:32  Adept, Probe  
  27  2:36  Pylon  
  30  3:01  Nexus  
  30  3:03  Oracle (Chrono Boost)  
  30  3:11  Probe  
  33  3:21  Gateway  
  33  3:26  Probe  
  34  3:32  Phoenix (Chrono Boost)  
  36  3:38  Probe  
  37  3:43  Gateway  
  37  3:50  Probe  
  37  3:59  Phoenix  
  39  4:13  Probe x2 (Chrono Boost)  
  39  4:14  Pylon  
  43  4:25  Probe x2 (Chrono Boost)  
  43  4:28  Oracle  
  43  4:30  Probe (Chrono Boost)  
  47  4:33  Probe (Chrono Boost)  
  47  4:37  Adept  
  50  4:40  Probe  
  50  4:44  Probe  
  52  4:46  Pylon  
  52  4:54  Probe  
  52  4:56  Probe  
  52  4:59  Stalker  
  53  5:05  Stalker  
Tags
 
Add a new tag
Caveats
  • Supply blocks, unpowered buildings, or Contaminate may cause inaccurate times.
  • Supply counts are checked every 10 seconds.